 Dungeon Crawl Stone Soup version 0.22.1-2-g9c5b331 (webtiles) character file.

695 Harpaggios the Insei (level 7, -18/53 HPs)
             Began as a Gnoll Transmuter on Dec 25, 2018.
             Was an Initiate of Ru.
             Demolished by Prince Ribbit (19 damage)
             ... on level 6 of the Dungeon.
             The game lasted 00:29:58 (6260 turns).

Harpaggios the Insei (Gnoll Transmuter)             Turns: 6260, Time: 00:29:59

Health: -18/53     AC:  2    Str: 13    XL:     7   Next: 64%
Magic:  15/15      EV: 15    Int: 15    God:    Ru [......]
Gold:   234        SH:  0    Dex: 17    Spells: 11/17 levels left

rFire    . . .     SeeInvis .     - Unarmed
rCold    . . .     Gourm    .   (no shield)
rNeg     . . .     Faith    +   b - +0 robe
rPois    +         Spirit   .   (no helmet)
rElec    .         Reflect  .   (no cloak)
rCorr    .         Harm     .   (no gloves)
MR       .....                  (no boots)
Stlth    ++........             f - amulet of faith
HPRegen  0.00/turn              l - ring of poison resistance
MPRegen  0.14/turn              (no ring)

@: starving
A: distributed training, fangs 1, inhibited regeneration, strong nose
a: Renounce Religion


You were on level 6 of the Dungeon.
You worshipped Ru.
Ru was noncommittal.
You were starving.

You visited 1 branch of the dungeon, and saw 6 of its levels.

You collected 234 gold pieces.

Inventory:

Missiles
 a - 39 arrows
 k - 3 tomahawks of returning (quivered)
Armour
 b - a +0 robe (worn)
Jewellery
 f - an amulet of faith (around neck)
 l - a ring of poison resistance (left hand)
 m - an uncursed amulet of guardian spirit
Wands
 n - a wand of enslavement (5)
Scrolls
 c - a scroll of magic mapping
 d - a scroll of random uselessness {unknown}
 e - a scroll of fog
 i - a scroll of brand weapon {unknown}
 j - 3 scrolls of teleportation
Potions
 g - a potion of flight
 h - 3 potions of lignification


   Skills:
 + Level 3.7 Fighting
 + Level 2.5 Short Blades
 + Level 2.5 Long Blades
 + Level 2.5 Axes
 + Level 2.5 Maces & Flails
 + Level 2.5 Polearms
 + Level 2.5 Staves
 + Level 2.5 Slings
 + Level 2.5 Bows
 + Level 2.5 Crossbows
 + Level 2.5 Throwing
 + Level 2.5 Armour
 + Level 5.3 Dodging
 + Level 2.5 Stealth
 + Level 2.5 Shields
 + Level 7.1 Unarmed Combat
 + Level 5.6 Spellcasting
 + Level 2.1 Conjurations
 + Level 2.1 Hexes
 + Level 2.1 Charms
 + Level 2.1 Summonings
 + Level 2.1 Necromancy
 + Level 2.1 Translocations
 + Level 4.3 Transmutations
 + Level 2.1 Fire Magic
 + Level 2.1 Ice Magic
 + Level 2.1 Air Magic
 + Level 2.1 Earth Magic
 + Level 2.1 Poison Magic
 + Level 2.8 Invocations
 + Level 2.5 Evocations


You had 11 spell levels left.
You knew the following spells:

 Your Spells              Type           Power        Failure   Level  Hunger
a - Beastly Appendage     Tmut           ###...       2%          1    None
b - Sticks to Snakes      Tmut           ###.....     3%          2    #......
c - Spider Form           Tmut/Pois      ##........   12%         3    ###....

Your spell library contained the following spells:

 Spells                   Type           Power        Failure   Level  Hunger
 Ice Form                 Ice/Tmut       ##......     38%         4    ####...
 Blade Hands              Tmut           ###.......   56%         5    ######.


Dungeon Overview and Level Annotations

Branches:
Dungeon (6/15)
 Temple: D:4-7

Altars:
Gozag
Hepliaklqana
Ru
Zin

Annotations:
D:6 Prince Ribbit


Innate Abilities, Weirdness & Mutations

Your experience applies equally to all skills.
You have very sharp teeth.
You do not regenerate when monsters are visible.
Your uncanny sense of smell can sniff out nearby items.


Message History

You start resting.
You are starving!
You're too hungry to rest.
Found a stone staircase leading down.
You see here 15 stones.
You open the door.
There is an open door here.
Found an iron wand.
Found a helmet.
Prince Ribbit comes into view.
Prince Ribbit croaks.
You see here a wand of iceblast (6).
You don't have the energy to cast that spell.
Prince Ribbit croaks regally.
Prince Ribbit hits you!!
* * * LOW HITPOINT WARNING * * *
You hit Prince Ribbit. Your bite misses Prince Ribbit.
Prince Ribbit is lightly wounded.
Prince Ribbit hits you!!
You die...

## ################.#
.................#
...[..F@/......#
##############.# ######
#.# #....########.#
#....'........#
#....##########.#######
##.....>...... ........
#####.############....
#.##..............


You could see Prince Ribbit.

Vanquished Creatures
  A centaur (D:6)
  A howler monkey (D:4)
  A crimson imp (D:6)
  A jelly (D:4)
  A quasit (D:6)
  A centaur skeleton (D:2)
  4 orc wizards
  A bullfrog skeleton (D:6)
  A worker ant (D:4)
  A hound skeleton (D:4)
  4 adders
  A shadow imp (D:3)
  An ooze (D:4)
  2 adder skeletons
  2 worms
  2 dart slugs
  4 leopard geckos
  10 orcs
  2 ball pythons
  11 bats
  5 giant cockroaches
  9 goblins
  6 hobgoblins
  A quokka (D:4)
  6 frilled lizards
  8 kobolds
  7 rats
94 creatures vanquished.

Vanquished Creatures (collateral kills)
  A sky beast (D:6)
  A scorpion (D:6)
  A hound (D:4)
  A worker ant (D:4)
  2 adders (D:4)
  3 orcs
  A frilled lizard (D:4)
10 creatures vanquished.

Vanquished Creatures (others)
  4 jackals (D:6)
4 creatures vanquished.

Grand Total: 108 creatures vanquished

Notes
Turn   | Place    | Note
-------+----------+-------------------------------------------
     0 | D:1      | Harpaggios the Gnoll Transmuter began the quest for the
                  | Orb.
     0 | D:1      | Reached XP level 1. HP: 17/17 MP: 6/6
   191 | D:1      | Reached XP level 2. HP: 23/23 MP: 5/7
   337 | D:1      | Learned a level 2 spell: Sticks to Snakes
  1269 | D:2      | Reached skill level 5 in Spellcasting
  1269 | D:2      | Reached XP level 3. HP: 28/28 MP: 4/9
  1382 | D:2      | Reached skill level 1 in Invocations
  1571 | D:2      | Reached skill level 1 in Short Blades
  1571 | D:2      | Reached skill level 1 in Long Blades
  1571 | D:2      | Reached skill level 1 in Axes
  1571 | D:2      | Reached skill level 1 in Maces & Flails
  1571 | D:2      | Reached skill level 1 in Polearms
  1571 | D:2      | Reached skill level 1 in Staves
  1571 | D:2      | Reached skill level 1 in Slings
  1571 | D:2      | Reached skill level 1 in Bows
  1571 | D:2      | Reached skill level 1 in Crossbows
  1571 | D:2      | Reached skill level 1 in Throwing
  1571 | D:2      | Reached skill level 1 in Armour
  1571 | D:2      | Reached skill level 1 in Stealth
  1571 | D:2      | Reached skill level 1 in Shields
  1571 | D:2      | Reached skill level 1 in Evocations
  1571 | D:2      | Reached XP level 4. HP: 26/34 MP: 7/11
  2422 | D:3      | Reached skill level 1 in Conjurations
  2422 | D:3      | Reached skill level 1 in Hexes
  2422 | D:3      | Reached skill level 1 in Charms
  2422 | D:3      | Reached skill level 1 in Summonings
  2422 | D:3      | Reached skill level 1 in Necromancy
  2422 | D:3      | Reached skill level 1 in Translocations
  2422 | D:3      | Reached skill level 1 in Fire Magic
  2422 | D:3      | Reached skill level 1 in Ice Magic
  2422 | D:3      | Reached skill level 1 in Air Magic
  2422 | D:3      | Reached skill level 1 in Earth Magic
  2422 | D:3      | Reached skill level 1 in Poison Magic
  2498 | D:3      | Found a glowing silver altar of Zin.
  2712 | D:3      | Reached XP level 5. HP: 40/40 MP: 12/12
  2890 | D:3      | HP: 2/40 [poisoned by an adder]
  3317 | D:4      | Found a sacrificial altar of Ru.
  3360 | D:4      | Became a worshipper of Ru the Awakened
  3391 | D:4      | Found an opulent altar of Gozag.
  3668 | D:4      | Learned a level 3 spell: Spider Form
  3767 | D:4      | Reached XP level 6. HP: 42/47 MP: 8/13
  4040 | D:4      | Reached skill level 5 in Dodging
  4522 | D:5      | Entered Level 5 of the Dungeon
  4543 | D:5      | Noticed a sky beast
  4930 | D:6      | Reached XP level 7. HP: 14/52 MP: 11/15
  5178 | D:6      | Found a hazy altar of Hepliaklqana.
  5238 | D:6      | Gained mutation: You do not regenerate when monsters are
                  | visible. [Ru sacrifice]
  5513 | D:6      | HP: 1/52 [something (5)]
  5514 | D:6      | Reached skill level 7 in Unarmed Combat
  6256 | D:6      | Noticed Prince Ribbit
  6259 | D:6      | HP: 1/53 [Prince Ribbit (18)]
  6260 | D:6      | Demolished by Prince Ribbit

Skill      XL: |  1  2  3  4  5  6  7 |
---------------+----------------------+-----
Spellcasting   | 5 |  5.6
Invocations    | 1 2 |  2.8
Short Blades   | 1 2 |  2.5
Long Blades    | 1 2 |  2.5
Axes           | 1 2 |  2.5
Maces & Flails | 1 2 |  2.5
Polearms       | 1 2 |  2.5
Staves         | 1 2 |  2.5
Slings         | 1 2 |  2.5
Bows           | 1 2 |  2.5
Crossbows      | 1 2 |  2.5
Throwing       | 1 2 |  2.5
Armour         | 1 2 |  2.5
Stealth        | 1 2 |  2.5
Shields        | 1 2 |  2.5
Evocations     | 1 2 |  2.5
Conjurations   | 1 2 |  2.1
Hexes          | 1 2 |  2.1
Charms         | 1 2 |  2.1
Summonings     | 1 2 |  2.1
Necromancy     | 1 2 |  2.1
Translocations | 1 2 |  2.1
Fire Magic     | 1 2 |  2.1
Ice Magic      | 1 2 |  2.1
Air Magic      | 1 2 |  2.1
Earth Magic    | 1 2 |  2.1
Poison Magic   | 1 2 |  2.1
Fighting       | 3 |  3.7
Transmutations | 4 |  4.3
Dodging        | 5 |  5.3
Unarmed Combat | 7 |  7.1

Action                   |  1- 3 |  4- 6 |  7- 9 || total
-------------------------+-------+-------+-------++-------
Melee: Unarmed           |    59 |   195 |    70 ||   324
       Kick              |    11 |    30 |     4 ||    45
       Bite              |     6 |    17 |    13 ||    36
       Headbutt          |       |     5 |       ||     5
       Punch             |       |     5 |       ||     5
 Cast: Beastly Appendage |    19 |    37 |     3 ||    59
       Sticks to Snakes  |     5 |    26 |    12 ||    43
Invok: Sacrifice Purity  |       |       |     1 ||     1
  Use: Scroll            |     5 |     4 |     2 ||    11
       Potion            |     1 |     3 |     1 ||     5
 Stab: Sleeping          |     1 |     4 |     1 ||     6
       Distracted        |     1 |     1 |       ||     2
  Eat: Chunk             |     2 |    10 |       ||    12
       Ration            |       |       |     1 ||     1
Armor: Robe              |    11 |    20 |     8 ||    39
Dodge: Dodged            |    37 |   131 |    32 ||   200
